Map: [ESL] Site Delta

Players

LiquidCure (Cure)

  • Race: Terran Terran
  • League: Master
  • Spawn Location: 11:00

DKZDark (Dark) - Winner!

  • Race: Zerg Zerg
  • League: Master
  • Spawn Location: 5:00

VOD

Have the link to the VOD?

Description

Time

  • Played on: Dec. 11, 2023, 5:06 a.m.
  • Length: 14:49
Show
View Real Time Build Order
Export as new Build Order

LiquidCure Terran 

Build Orders: Reaper Expand, Hellion Banshee 

Get SALT Encoding   

  12  0:00  SCV  
  13  0:12  SCV  
  14  0:17  Supply Depot  
  14  0:24  SCV  
  15  0:38  SCV  
  15  0:40  Barracks  
  15  0:42  Refinery  
  16  0:50  SCV  
  17  1:02  SCV  
  18  1:15  SCV  
  19  1:26  Reaper  
  19  1:27  Orbital Command  
  20  1:38  Command Center  
  20  1:48  Supply Depot  
  20  1:53  SCV  
  21  1:58  Marine  
  22  2:05  SCV  
  23  2:11  Factory  
  23  2:17  SCV  
  25  2:24  Barracks Reactor  
  25  2:29  SCV  
  25  2:37  Command Center  
  25  2:41  SCV  
  26  2:49  Orbital Command  
  26  2:53  SCV  
  26  2:57  Starport  
  27  3:05  Refinery  
  27  3:07  Hellion x2  
  27  3:10  SCV  
  32  3:15  SCV  
  32  3:16  Barracks Tech Lab  
  33  3:22  SCV  
  34  3:27  SCV  
  34  3:30  Hellion  
  34  3:31  Hellion  
  39  3:34  SCV  
  39  3:39  SCV  
  39  3:40  Marine, Banshee  
  45  3:47  SCV  
  46  3:50  Orbital Command  
  46  3:51  SCV  
  47  3:56  Hellion  
  47  3:57  Cloaking Field, Hellion  
  51  4:06  Supply Depot, SCV  
  51  4:07  Barracks Tech Lab  
  51  4:09  SCV  
  53  4:16  SCV  
  54  4:19  SCV  
  54  4:21  SCV  
  54  4:23  Banshee  
  59  4:27  Marine  
  59  4:28  Supply Depot  
  59  4:29  SCV  
  59  4:31  SCV  
  62  4:33  SCV  
  62  4:35  Barracks  
  62  4:38  Barracks, Stimpack  
  63  4:41  SCV  
  63  4:43  SCV  
  63  4:44  Refinery  
  63  4:45  SCV  
  66  4:47  Refinery, Factory Reactor  
  66  4:54  Supply Depot, Orbital Command  
  66  4:55  SCV  
  66  4:57  SCV  
  66  4:58  Engineering Bay  
  66  4:59  Marine, Engineering Bay  
  69  5:07  SCV  
  69  5:09  SCV  
  71  5:19  Supply Depot, SCV  
  71  5:20  SCV  
  73  5:21  SCV  
  73  5:24  Marine x2  
  73  5:27  Marine  
  77  5:29  Barracks  
  77  5:30  Starport Reactor, Barracks  
  77  5:31  Terran Infantry Weapons Level 1, Terran Infantry Armor Level 1, SCV  
  77  5:33  SCV x2  
  80  5:36  Supply Depot  
  80  5:38  Marine x2  
  80  5:41  Marine  
  80  5:42  Marine  
  84  5:43  SCV  
  84  5:49  SCV x2  
  87  5:50  Siege Tank, Marine  
  87  5:55  SCV  
  92  5:57  Marine x2  
  92  5:59  Supply Depot, Marine x2  
  92  6:00  Supply Depot  
  92  6:02  SCV x2  
  98  6:07  SCV  
  98  6:08  Marine  
  100  6:14  SCV  
  100  6:17  Supply Depot  
  101  6:19  Barracks Reactor x2  
  101  6:20  SCV x2, Marine x4, Medivac  
  101  6:21  Medivac  
  101  6:22  Siege Tank  
  101  6:23  Supply Depot  
  114  6:25  Marine  
  114  6:28  Combat Shield  
  114  6:29  SCV  
  114  6:32  SCV  
  117  6:38  Supply Depot, SCV, Marine x4  
  122  6:42  Armory  
  122  6:43  Marine  
  123  6:49  Refinery x2  
  123  6:50  Supply Depot  
  123  6:54  Siege Tank  
  123  6:56  Marine x4  
  130  7:01  Marine  
  130  7:06  SCV x2  
  130  7:07  SCV, Marine x4  
  130  7:14  Marine x2, Medivac x2  
  135  7:20  SCV x3  
  137  7:35  Marine x6  
  137  7:37  Terran Infantry Weapons Level 2  
  143  7:46  SCV  
  143  7:47  SCV x2, Marine x3  
  149  7:52  Terran Infantry Armor Level 2  
  149  7:53  Marine x2  
  149  7:54  Marine x2  
  149  7:55  Factory  
  149  7:56  Supply Depot, Marine, Command Center  
  149  7:57  Supply Depot  
  147  8:04  Marine  
  147  8:05  Marine x2  
  149  8:06  Marine  
  148  8:19  Supply Depot  
  146  8:20  Supply Depot  
  146  8:21  Supply Depot  
  146  8:25  SCV x3  
  149  8:29  Marine x4  
  149  8:30  Widow Mine, Drilling Claws  
  149  8:31  Medivac  
  157  8:40  Supply Depot  
  157  8:41  Medivac  
  159  8:43  Sensor Tower  
  159  8:44  Supply Depot, Marine x4  
  163  8:49  SCV x3, Factory Reactor  
  163  8:52  Widow Mine  
  163  8:54  Barracks  
  163  8:55  Barracks  
  166  8:58  Barracks  
  166  9:03  SCV x2  
  166  9:04  SCV  
  169  9:15  SCV  
  169  9:16  SCV  
  171  9:18  Marine x4  
  171  9:19  Marauder  
  171  9:20  Marine x2  
  179  9:27  Widow Mine x3  
  179  9:29  Medivac  
  179  9:30  Marine x2, Medivac  
  191  9:36  Marine x2  
  192  9:40  Marauder  
  194  9:46  Barracks Tech Lab x2  
  194  9:47  Barracks Tech Lab, Marine x4  
  194  9:48  Marine x2  
  199  9:56  SCV x2  
  177  10:02  Marauder  
  179  10:08  SCV x2  
  179  10:09  Marine x2  
  179  10:10  Marine x2, Marauder x3  
  191  10:22  Marine x4  
  191  10:26  Orbital Command, Marauder  
  185  10:31  Marauder, Medivac x2  
  185  10:33  Terran Infantry Weapons Level 3  
  185  10:35  Marine x4  
  184  10:46  SCV  
  184  10:47  SCV x2  
  170  10:51  Marine x4  
  170  10:52  Marauder  
  176  11:01  Marine x2  
  176  11:02  Marauder  
  176  11:03  Planetary Fortress  
  158  11:05  Marine x2, Marauder x2  
  158  11:09  Marine  
  144  11:18  Widow Mine x3, Medivac x2  
  123  11:19  Marine x2, Marauder  
  127  11:28  Marine x5, Marauder  
  132  11:33  SCV x3  
  132  11:36  Marine  
  132  11:38  Terran Infantry Armor Level 3  
  136  11:42  Marauder x2  
  136  11:43  Marauder  
  136  11:46  Marine x2  
  136  11:47  Marine x3  
  143  11:50  Marauder  
  143  11:53  Marine x3  
  151  11:58  Widow Mine x3  
  157  12:02  Marine  
  157  12:03  Marine  
  157  12:04  Marine  
  157  12:05  Medivac  
  162  12:09  Supply Depot  
  162  12:10  Supply Depot  
  162  12:11  Supply Depot  
  162  12:15  Marauder  
  164  12:16  Marine x4  
  164  12:21  Marauder x2, Widow Mine x3  
  180  12:22  Marauder  
  180  12:35  Medivac  
  180  12:36  Marauder  
  180  12:42  Marauder x2, Widow Mine  
  180  12:43  Widow Mine x2  
  186  12:44  Marauder  
  186  12:47  Concussive Shells  
  186  12:48  Marine x4  
  188  12:54  Refinery  
  188  12:57  Ghost Academy  
  188  12:58  Marauder  
  171  13:07  Marauder x3  
  171  13:08  Marine x3  
  171  13:09  Marine x3  
  180  13:17  Medivac x2  
  180  13:19  Marauder  
  184  13:27  Command Center  
  180  13:31  Marauder x2  
  184  13:37  Marine x2  
  184  13:38  Marine  
  187  13:43  Supply Depot  
  186  14:01  Marine x4  
  181  14:04  Marine x6  
  181  14:05  Marauder x2  
  172  14:19  Marine x3, Marauder  
  172  14:23  Marine  
  162  14:24  Marauder  
  162  14:26  Marine  
  162  14:30  Marine  
Show
View Real Time Build Order
Export as new Build Order

DKZDark Zerg - Winner!

Build Orders: Hatch First 

Get SALT Encoding   

  12  0:00  Drone  
  13  0:14  Overlord  
  13  0:18  Drone  
  14  0:33  Drone x2  
  16  0:47  Hatchery  
  15  0:51  Drone  
  15  0:55  Drone  
  17  0:58  Drone  
  18  1:09  Extractor  
  17  1:13  Spawning Pool  
  17  1:16  Drone  
  17  1:19  Drone  
  18  1:30  Drone  
  19  1:42  Drone  
  20  1:51  Drone  
  21  2:00  Queen x2  
  25  2:01  Zergling x2  
  25  2:02  Zergling x2  
  27  2:10  Metabolic Boost  
  27  2:16  Overlord  
  27  2:19  Drone  
  27  2:30  Hatchery  
  27  2:36  Drone  
  28  2:37  Drone  
  28  2:42  Queen  
  30  2:46  Drone x2  
  30  2:50  Drone  
  33  2:53  Overlord  
  33  3:01  Drone x2  
  33  3:03  Drone  
  37  3:12  Zergling x2  
  37  3:13  Zergling x4  
  37  3:16  Overlord  
  37  3:17  Drone x3  
  42  3:21  Queen  
  44  3:34  Queen  
  44  3:36  Drone x4  
  50  3:42  Overlord  
  50  3:44  Queen  
  50  3:45  Drone  
  50  3:48  Drone  
  54  3:51  Drone  
  54  3:52  Drone x2  
  57  3:59  Drone  
  57  4:02  Drone x4  
  61  4:06  Queen  
  63  4:12  Zergling x4  
  63  4:14  Overlord  
  63  4:16  Overlord  
  65  4:23  Lair  
  65  4:30  Overlord  
  65  4:33  Drone  
  65  4:34  Drone  
  65  4:35  Drone x7  
  65  4:38  Drone  
  75  4:41  Drone, Extractor  
  75  4:42  Drone, Extractor  
  75  4:45  Drone x2  
  77  4:46  Baneling Nest  
  77  4:47  Drone  
  77  4:49  Drone  
  78  4:53  Drone x2  
  78  4:55  Drone x2  
  78  4:56  Baneling Nest  
  81  5:07  Drone x3  
  81  5:08  Spore Crawler  
  81  5:09  Spore Crawler  
  81  5:11  Hatchery  
  81  5:12  Drone  
  81  5:13  Drone x2  
  84  5:16  Drone x2, Extractor  
  84  5:17  Extractor  
  84  5:20  Evolution Chamber  
  84  5:21  Evolution Chamber  
  82  5:23  Overseer  
  82  5:27  Drone x3  
  85  5:30  Zergling x4  
  85  5:31  Zergling x2  
  85  5:34  Centrifugal Hooks, Zergling x2  
  89  5:42  Overlord  
  89  5:45  Spore Crawler  
  89  5:49  Drone x3  
  87  5:51  Drone x3  
  87  5:56  Hatchery  
  87  5:57  Drone  
  90  5:58  Overlord  
  90  5:59  Overlord  
  90  6:00  Overlord  
  90  6:02  Drone x3  
  93  6:05  Zerg Melee Weapons Level 1, Infestation Pit  
  93  6:09  Zerg Ground Armor Level 1  
  93  6:10  Drone  
  93  6:11  Drone  
  94  6:22  Zergling x16  
  102  6:25  Drone  
  102  6:28  Zergling x10  
  108  6:33  Baneling x6  
  108  6:38  Baneling x4  
  108  6:39  Zergling x14  
  115  6:42  Baneling x2  
  115  6:43  Baneling, Zergling x4  
  115  6:45  Zergling x4  
  119  6:52  Hive  
  119  6:53  Zergling x2, Burrow  
  119  6:54  Zergling x4  
  122  6:57  Zergling x6  
  122  6:59  Baneling x2  
  122  7:00  Zergling x2  
  122  7:01  Zergling x4  
  128  7:06  Zergling x2  
  127  7:13  Zergling x4  
  127  7:14  Zergling x6  
  132  7:15  Hatchery  
  132  7:20  Zergling x4  
  130  7:24  Baneling x7  
  130  7:25  Zergling x8  
  132  7:33  Zergling x4  
  132  7:36  Overlord x3  
  134  7:39  Overlord  
  126  7:47  Overlord  
  120  7:53  Drone x13  
  120  7:55  Zergling x10  
  120  7:56  Zergling x4  
  120  7:57  Baneling x2  
  138  8:00  Zergling x8  
  138  8:01  Overseer  
  138  8:05  Viper x2  
  145  8:06  Viper  
  141  8:14  Zergling x8  
  141  8:19  Zerg Melee Weapons Level 2, Zerg Ground Armor Level 2  
  139  8:25  Spore Crawler  
  138  8:28  Zergling x14  
  138  8:31  Zergling x4  
  147  8:36  Ultralisk Cavern  
  147  8:39  Zergling x2  
  147  8:40  Zergling x6  
  150  8:41  Overlord x2  
  150  8:49  Adrenal Glands  
  150  8:55  Zergling x2  
  149  9:02  Zergling x14  
  153  9:03  Zergling x18  
  162  9:13  Zergling x6  
  165  9:19  Overlord x2  
  165  9:20  Hatchery, Overlord  
  164  9:27  Baneling x9  
  164  9:28  Zergling x4  
  164  9:30  Chitinous Plating  
  166  9:37  Zergling x2  
  166  9:38  Zergling x30  
  180  9:47  Ultralisk  
  183  9:54  Zergling x16  
  176  10:00  Zergling x20  
  176  10:04  Pneumatized Carapace  
  176  10:07  Baneling x3  
  186  10:12  Zergling x8  
  186  10:13  Overlord  
  190  10:16  Overlord  
  190  10:19  Overlord  
  190  10:20  Baneling x2  
  181  10:30  Zergling x24  
  183  10:36  Zergling x14  
  183  10:38  Zergling x4  
  183  10:43  Zergling x2  
  183  10:44  Zergling x4  
  183  10:49  Zergling x14  
  183  10:51  Baneling  
  183  10:52  Baneling x6  
  183  10:53  Zergling x4  
  182  10:59  Zergling x6  
  182  11:01  Zerg Melee Weapons Level 3, Zerg Ground Armor Level 3  
  182  11:04  Zergling x16  
  154  11:16  Zergling x18  
  137  11:20  Anabolic Synthesis  
  137  11:23  Drone x3  
  137  11:29  Baneling, Queen, Ultralisk  
  137  11:30  Baneling x5, Zergling x2  
  137  11:31  Zergling x8  
  148  11:34  Overseer x3  
  148  11:35  Zergling x6  
  148  11:39  Zergling x6  
  154  11:43  Drone  
  154  11:44  Spore Crawler  
  154  11:46  Ultralisk x2  
  165  11:51  Baneling  
  165  11:52  Zergling x12  
  170  11:59  Overseer  
  170  12:01  Zergling x12  
  170  12:07  Baneling x2  
  173  12:09  Zergling x16  
  181  12:19  Zergling x16  
  181  12:20  Ultralisk  
  194  12:27  Zergling x2  
  194  12:28  Zergling x6  
  198  12:30  Hatchery  
  198  12:35  Zergling x4  
  199  12:49  Zergling x4  
  199  12:50  Overlord  
  199  12:55  Ultralisk  
  198  13:03  Ultralisk x2  
  198  13:04  Zergling x42  
  186  13:08  Infestor  
  186  13:10  Zergling x4  
  185  13:17  Infestor  
  178  13:24  Zergling x16  
  184  13:30  Baneling x5  
  182  13:35  Zergling x14  
  182  13:40  Hatchery  
  180  13:43  Baneling x6  
  180  13:47  Zergling x30  
  195  13:49  Baneling  
  195  13:50  Baneling x2, Zergling x2  
  195  13:51  Zergling x2  
  195  13:54  Zergling x2  
  194  13:58  Zergling x6  
  187  14:03  Zergling x10  
  185  14:10  Zergling x18  
  193  14:20  Zergling x6  
  193  14:21  Zergling x8  
  186  14:28  Zergling x16  
Tags
 
Add a new tag
Caveats
  • Supply blocks, unpowered buildings, or Contaminate may cause inaccurate times.
  • Supply counts are checked every 10 seconds.